| TOP OF THE 1ST |
|
Elizabethton Twins batting - Pitching for Texas (APP) Rangers : RHP Jaleel Martin
|
|
Pitching: RHP Jaleel Martin
|
|
|
Batting: RHB Andrew Nicol
|
0-0: Ball 1-0: Ball 2-0: Swinging Strike 2-1: Swinging Strike 2-2: Foul Ball, location: 2F 2-2: Strikes out swinging
|
|
Batting: SHB Dan Morataya
|
0-0: Ground out 5-3 (Groundball, 56, EV 81.9 MPH)
|
|
Batting: RHB Nick Phipps
|
0-0: Ball 1-0: Ball 2-0: Called Strike 2-1: Ball 3-1: Foul Ball, location: 2F 3-2: Hit by Pitch
|
|
Batting: SHB Chris Hull
|
0-0: Ball 1-0: Called Strike 1-1: Called Strike Nick Phipps steals 2nd base 1-2: Foul Ball, location: 2F 1-2: Foul Ball, location: 2F 1-2: Foul Ball, location: 2F 1-2: Fly out, F7 (Flyball, 7, EV 80.0 MPH)
|
| Top of the 1st over - 0 runs, 0 hits, 0 errors, 1 left on base; Elizabethton 0 - Texas (APP) 0 |
| BOTTOM OF THE 1ST |
|
Texas (APP) Rangers batting - Pitching for Elizabethton Twins : RHP Andrew Rich
|
|
Pitching: RHP Andrew Rich
|
|
|
Batting: RHB Jay De Angelis
|
0-0: Swinging Strike 0-1: Ball 1-1: SOLO HOME RUN (Line Drive, 7D, EV 99.4 MPH), Distance : 394 ft
|
|
Batting: RHB Alex Lopez
|
0-0: Called Strike 0-1: Called Strike 0-2: Ball 1-2: Ball 2-2: Foul Ball, location: 2F 2-2: Foul Ball, location: 2F 2-2: Ball 3-2: Base on Balls
|
|
Batting: RHB Ryan Pastore
|
0-0: Ball 1-0: Ball 2-0: Ball 3-0: Called Strike 3-1: Foul Ball, location: 2F 3-2: Base on Balls Alex Lopez to second
|
|
Batting: LHB Tomoya Hashimoto
|
0-0: Ball 1-0: Foul Ball, location: 2F 1-1: Ball 2-1: SINGLE (Line Drive, 34D, EV 97.5 MPH) Alex Lopez to third Ryan Pastore to second
|
|
Pitching: RHP Bud Puffer
|
|
|
Batting: RHB David Redman
|
0-0: Ball 1-0: Ball 2-0: Foul Ball, location: 2F 2-1: Foul Ball, location: 2F 2-2: Strikes out swinging
|
|
Batting: SHB Mark Paquin
|
0-0: Ball 1-0: Ball 2-0: Ball 3-0: Base on Balls Alex Lopez scores Ryan Pastore to third Tomoya Hashimoto to second
|
|
Batting: RHB Rafael Tapia
|
0-0: Ball 1-0: Called Strike 1-1: GRAND SLAM HOME RUN (Flyball, 7LD, EV 93.8 MPH), Distance : 335 ft
|
|
Batting: SHB Albert Ortiz
|
0-0: Ball 1-0: Called Strike 1-1: Called Strike 1-2: Ball 2-2: Ball 3-2: SINGLE (Groundball, 4D, EV 100.6 MPH)
|
|
Pitching: RHP Jon Hice
|
|
|
Batting: RHB Jordan Llanes
|
0-0: Ball 1-0: Fly out, F5 (Line Drive, 5, EV 60.6 MPH)
|
|
Batting: RHB Jay De Angelis
|
0-0: Ball 1-0: SINGLE (Line Drive, 89M, EV 105.6 MPH) Albert Ortiz to second
|
|
Batting: RHB Alex Lopez
|
0-0: Ball 1-0: Ball 2-0: Foul Ball, location: 2F 2-1: Ball 3-1: Base on Balls Albert Ortiz to third Jay De Angelis to second
|
|
Batting: RHB Ryan Pastore
|
0-0: Ball 1-0: Foul Ball, location: 2F 1-1: Ball 2-1: Swinging Strike 2-2: Ball 3-2: Ground out U3 (Groundball, 34S, EV 73.8 MPH)
|
| Bottom of the 1st over - 6 runs, 5 hits, 0 errors, 3 left on base; Elizabethton 0 - Texas (APP) 6 |
| TOP OF THE 2ND |
|
Elizabethton Twins batting - Pitching for Texas (APP) Rangers : RHP Jaleel Martin
|
|
Batting: RHB Jose Gracia
|
0-0: Foul Ball, location: 2F 0-1: Ball 1-1: Ball 2-1: Called Strike 2-2: Foul Ball, location: 2F 2-2: Strikes out swinging
|
|
Batting: RHB Jimmy Mayville
|
0-0: Foul Ball, location: 2F 0-1: Swinging Strike 0-2: Ball 1-2: Foul Ball, location: 2F 1-2: Strikes out swinging
|
|
Batting: LHB Jiong Shui
|
0-0: Called Strike 0-1: Fly out, F7 (Line Drive, 7, EV 95.6 MPH)
|
| Top of the 2nd over - 0 runs, 0 hits, 0 errors, 0 left on base; Elizabethton 0 - Texas (APP) 6 |
| BOTTOM OF THE 2ND |
|
Texas (APP) Rangers batting - Pitching for Elizabethton Twins : RHP Jon Hice
|
|
Batting: LHB Tomoya Hashimoto
|
0-0: SINGLE (Groundball, 6MD, EV 99.4 MPH)
|
|
Batting: RHB David Redman
|
0-0: Ball 1-0: Ball 2-0: Ball 3-0: Base on Balls Tomoya Hashimoto to second
|
|
Batting: SHB Mark Paquin
|
0-0: DOUBLE (Line Drive, 5D, EV 98.8 MPH) Tomoya Hashimoto scores David Redman to third
|
|
Batting: RHB Rafael Tapia
|
0-0: Ball 1-0: DOUBLE (Line Drive, 7LS, EV 95.0 MPH) David Redman scores Mark Paquin scores
|
|
Batting: SHB Albert Ortiz
|
0-0: Ball 1-0: Ball 2-0: Ball 3-0: Base on Balls
|
|
Batting: RHB Jordan Llanes
|
0-0: Called Strike 0-1: Ball 1-1: SINGLE (Groundball, 56D, EV 97.5 MPH) Rafael Tapia to third Albert Ortiz to second
|
|
Batting: RHB Jay De Angelis
|
0-0: SINGLE (Groundball, 6MD, EV 99.4 MPH) (infield hit) Rafael Tapia scores Albert Ortiz to third Jordan Llanes to second
|
|
Pitching: RHP Jorge Corte
|
|
|
Batting: RHB Alex Lopez
|
0-0: Ball Wild Pitch! Albert Ortiz scores Jordan Llanes to third Jay De Angelis to second 1-0: Ball 2-0: Foul Ball, location: 2F 2-1: Foul Ball, location: 2F 2-2: Ground out 6-3 (Groundball, 56, EV 96.9 MPH) Jordan Llanes scores
|
|
Batting: RHB Ryan Pastore
|
0-0: Called Strike 0-1: Foul Ball, location: 2F 0-2: Foul Ball, location: 2F 0-2: Ball 1-2: Strikes out swinging
|
|
Batting: LHB Tomoya Hashimoto
|
0-0: Ball 1-0: Ball 2-0: Ball 3-0: Fly out, F8 (Flyball, 78XD, EV 86.9 MPH)
|
| Bottom of the 2nd over - 6 runs, 5 hits, 0 errors, 1 left on base; Elizabethton 0 - Texas (APP) 12 |
| TOP OF THE 3RD |
|
Elizabethton Twins batting - Pitching for Texas (APP) Rangers : RHP Jaleel Martin
|
|
Batting: SHB Nate Januchowski
|
0-0: Called Strike 0-1: Foul Ball, location: 2F 0-2: Foul Ball, location: 2F 0-2: Foul Ball, location: 2F 0-2: Foul Ball, location: 2F 0-2: Strikes out looking
|
|
Batting: RHB Ryan Hawkins
|
0-0: Ball 1-0: Ball 2-0: Called Strike 2-1: Ball 3-1: Called Strike 3-2: Strikes out swinging
|
|
Batting: RHB Andrew Nicol
|
0-0: Swinging Strike 0-1: Fly out, F8 (Flyball, 8RM, EV 90.0 MPH)
|
| Top of the 3rd over - 0 runs, 0 hits, 0 errors, 0 left on base; Elizabethton 0 - Texas (APP) 12 |
| BOTTOM OF THE 3RD |
|
Texas (APP) Rangers batting - Pitching for Elizabethton Twins : RHP Jorge Corte
|
|
Batting: RHB David Redman
|
0-0: Ball 1-0: Ball 2-0: Called Strike 2-1: Ball 3-1: Base on Balls
|
|
Batting: SHB Mark Paquin
|
0-0: Ball 1-0: Swinging Strike 1-1: Ground out 4-3 (Groundball, 34D, EV 103.1 MPH) David Redman to second
|
|
Batting: RHB Rafael Tapia
|
0-0: Foul Ball, location: 2F 0-1: Foul Ball, location: 2F 0-2: Ball 1-2: DOUBLE (Groundball, 5L, EV 100.6 MPH) David Redman scores
|
|
Batting: SHB Albert Ortiz
|
0-0: SINGLE (Flyball, 56D, EV 86.9 MPH) Rafael Tapia to third
|
|
Batting: RHB Jordan Llanes
|
0-0: Ball 1-0: Foul Ball, location: 2F 1-1: Foul Ball, location: 2F 1-2: Strikes out swinging
|
|
Batting: RHB Jay De Angelis
|
0-0: Ball 1-0: Fly out, F7 (Line Drive, 78M, EV 91.9 MPH)
|
| Bottom of the 3rd over - 1 run, 2 hits, 0 errors, 2 left on base; Elizabethton 0 - Texas (APP) 13 |
| TOP OF THE 4TH |
|
Elizabethton Twins batting - Pitching for Texas (APP) Rangers : RHP Jaleel Martin
|
|
Batting: SHB Dan Morataya
|
0-0: Called Strike 0-1: Foul Ball, location: 2F 0-2: Foul Ball, location: 2F 0-2: Ball 1-2: Ball 2-2: Ball 3-2: Ground out 4-3 (Groundball, 4, EV 100.0 MPH)
|
|
Batting: RHB Nick Phipps
|
0-0: Ground out 4-3 (Groundball, 4M, EV 78.8 MPH)
|
|
Batting: SHB Chris Hull
|
0-0: Ground out 4-3 (Groundball, 13, EV 88.1 MPH)
|
| Top of the 4th over - 0 runs, 0 hits, 0 errors, 0 left on base; Elizabethton 0 - Texas (APP) 13 |
| BOTTOM OF THE 4TH |
|
Texas (APP) Rangers batting - Pitching for Elizabethton Twins : RHP Jorge Corte
|
|
Batting: RHB Alex Lopez
|
0-0: Ball 1-0: Ball 2-0: Foul Ball, location: 2F 2-1: Swinging Strike 2-2: Foul Ball, location: 2F 2-2: Ball 3-2: SINGLE (Groundball, 25, EV 61.9 MPH) (infield hit)
|
|
Batting: RHB Ryan Pastore
|
0-0: Called Strike 0-1: Ball 1-1: Fielders Choice at 2nd, 5-4 (Groundball, 5S, EV 81.3 MPH)
|
|
Pitching: RHP Keith Nix
|
|
|
Batting: LHB Tomoya Hashimoto
|
0-0: Called Strike Passed Ball! Ryan Pastore to second 0-1: Ball 1-1: SINGLE (Flyball, 3D, EV 97.5 MPH) Ryan Pastore to third
|
|
Batting: RHB David Redman
|
0-0: Called Strike 0-1: Ball 1-1: Ball Wild Pitch! Ryan Pastore scores Tomoya Hashimoto to second 2-1: Ball 3-1: Base on Balls
|
|
Batting: SHB Mark Paquin
|
0-0: Ball 1-0: Ball 2-0: Swinging Strike 2-1: Foul Ball, location: 2F 2-2: Strikes out swinging
|
|
Batting: RHB Rafael Tapia
|
0-0: Foul Ball, location: 2F 0-1: Ball 1-1: Foul Ball, location: 2F 1-2: Ball 2-2: SINGLE (Groundball, 56S, EV 68.8 MPH) (infield hit) Tomoya Hashimoto to third David Redman to second
|
|
Batting: SHB Albert Ortiz
|
0-0: Ball 1-0: Called Strike 1-1: Swinging Strike 1-2: Foul Ball, location: 2F 1-2: Ball 2-2: Ground out 4-3 (Groundball, 4D, EV 87.5 MPH)
|
| Bottom of the 4th over - 1 run, 3 hits, 0 errors, 3 left on base; Elizabethton 0 - Texas (APP) 14 |
| TOP OF THE 5TH |
|
Elizabethton Twins batting - Pitching for Texas (APP) Rangers : RHP Jaleel Martin
|
|
Batting: RHB Jose Gracia
|
0-0: Ball 1-0: SINGLE (Line Drive, 7LS, EV 100.0 MPH)
|
|
Batting: RHB Jimmy Mayville
|
0-0: Called Strike 0-1: Foul Ball, location: 2F 0-2: SINGLE (Groundball, 34S, EV 73.8 MPH) (infield hit) Jose Gracia to second
|
|
Batting: LHB Jiong Shui
|
0-0: Called Strike 0-1: Ball 1-1: Called Strike 1-2: SINGLE (Groundball, 4MD, EV 107.5 MPH) Jose Gracia to third Jimmy Mayville to second Runner from 3rd tries for Home, SAFE, throw by CF to home
|
|
Batting: SHB Nate Januchowski
|
0-0: Ball 1-0: Foul Ball, location: 2F 1-1: Foul Ball, location: 2F 1-2: Ball 2-2: Ball 3-2: Fielders Choice at 2nd, 4-6 (Groundball, 4MS, EV 85.6 MPH) Jimmy Mayville to third
|
|
Now at 2B: Mark Paquin
|
|
|
Now at 3B: Jeremy Palac
|
|
|
Now at SS: Alex Lopez
|
|
|
Batting: RHB Ryan Hawkins
|
0-0: Foul Ball, location: 2F 0-1: Swinging Strike 0-2: Foul Ball, location: 2F 0-2: Ball 1-2: Ball 2-2: Strikes out swinging
|
|
Batting: RHB Andrew Nicol
|
0-0: Foul Ball, location: 2F 0-1: Ball 1-1: Called Strike 1-2: Foul Ball, location: 2F 1-2: Fly out, F7 (Flyball, 7S, EV 79.4 MPH)
|
| Top of the 5th over - 1 run, 3 hits, 0 errors, 2 left on base; Elizabethton 1 - Texas (APP) 14 |
| BOTTOM OF THE 5TH |
|
Texas (APP) Rangers batting - Pitching for Elizabethton Twins : RHP Keith Nix
|
|
Pinch Hitting: LHB Justin Wheelock
|
0-0: Called Strike 0-1: Swinging Strike 0-2: Ball 1-2: Ball 2-2: SINGLE (Flyball, 8RS, EV 95.0 MPH)
|
|
Batting: RHB Jay De Angelis
|
0-0: Called Strike 0-1: Swinging Strike 0-2: Ball 1-2: Ball 2-2: Ball 3-2: Base on Balls Justin Wheelock to second
|
|
Batting: RHB Alex Lopez
|
0-0: Ball 1-0: Ball 2-0: Ball 3-0: Base on Balls Justin Wheelock to third Jay De Angelis to second
|
|
Batting: RHB Ryan Pastore
|
0-0: Ground out U3 (Groundball, 34S, EV 63.1 MPH) Justin Wheelock scores Jay De Angelis to third Alex Lopez to second
|
|
Batting: LHB Tomoya Hashimoto
|
0-0: Ball 1-0: Foul Ball, location: 2F 1-1: Ball 2-1: Ball 3-1: Base on Balls
|
|
Pitching: RHP Ewan Wijker
|
|
|
Batting: RHB David Redman
|
0-0: Ball 1-0: Called Strike 1-1: Foul Ball, location: 2F 1-2: Ball 2-2: Ball 3-2: Base on Balls Jay De Angelis scores Alex Lopez to third Tomoya Hashimoto to second
|
|
Batting: SHB Mark Paquin
|
0-0: Fielders Choice at 2nd, 6-4 (Groundball, 6S, EV 81.9 MPH) Alex Lopez scores Tomoya Hashimoto to third
|
|
Batting: RHB Jeremy Palac
|
0-0: Ball 1-0: Called Strike 1-1: SINGLE (Groundball, 6MS, EV 66.3 MPH) (infield hit) Tomoya Hashimoto scores Mark Paquin to second
|
|
Batting: SHB Albert Ortiz
|
0-0: Ball 1-0: Ball 2-0: Called Strike 2-1: Ball 3-1: Called Strike 3-2: Base on Balls Mark Paquin to third Jeremy Palac to second
|
|
Batting: LHB Justin Wheelock
|
0-0: Called Strike 0-1: Ball 1-1: Called Strike 1-2: Fly out, F9 (Flyball, 9D, EV 91.9 MPH)
|
| Bottom of the 5th over - 4 runs, 2 hits, 0 errors, 3 left on base; Elizabethton 1 - Texas (APP) 18 |
| TOP OF THE 6TH |
|
Elizabethton Twins batting - Pitching for Texas (APP) Rangers : RHP Jaleel Martin
|
|
Now in CF: Walter Vegter
|
|
|
Batting: SHB Dan Morataya
|
0-0: Called Strike 0-1: Ball 1-1: Ball 2-1: SINGLE (Groundball, 56S, EV 64.4 MPH) (infield hit)
|
|
Batting: RHB Nick Phipps
|
0-0: Called Strike 0-1: Ball 1-1: Called Strike 1-2: Ball 2-2: Strikes out swinging
|
|
Batting: SHB Chris Hull
|
0-0: Ball Dan Morataya steals 2nd base (no throw) 1-0: Swinging Strike 1-1: Foul Ball, location: 2F 1-2: Ball 2-2: Ball 3-2: Foul Ball, location: 2F 3-2: Foul Ball, location: 2F 3-2: SINGLE (Groundball, 34D, EV 105.6 MPH) Dan Morataya to third
|
|
Batting: RHB Jose Gracia
|
0-0: Fly out, F8 (Flyball, 8RM, EV 86.3 MPH)
|
|
Batting: RHB Jimmy Mayville
|
0-0: Ball 1-0: Fly out, F7 (Flyball, 78S, EV 73.1 MPH)
|
| Top of the 6th over - 0 runs, 2 hits, 0 errors, 2 left on base; Elizabethton 1 - Texas (APP) 18 |
| BOTTOM OF THE 6TH |
|
Texas (APP) Rangers batting - Pitching for Elizabethton Twins : RHP Ewan Wijker
|
|
Batting: RHB Jay De Angelis
|
0-0: Called Strike 0-1: Ball 1-1: Ball 2-1: Ground out 5-3 (Groundball, 56S, EV 82.5 MPH)
|
|
Batting: RHB Alex Lopez
|
0-0: Ball 1-0: Called Strike 1-1: SINGLE (Line Drive, 8LS, EV 95.0 MPH)
|
|
Batting: RHB Ryan Pastore
|
0-0: Ball 1-0: Called Strike 1-1: Ball 2-1: Ball 3-1: Foul Ball, location: 2F 3-2: 2-RUN HOME RUN (Flyball, 89XD, EV 101.3 MPH), Distance : 405 ft
|
|
Batting: LHB Tomoya Hashimoto
|
0-0: Ball 1-0: Swinging Strike 1-1: SOLO HOME RUN (Flyball, 89XD, EV 95.6 MPH), Distance : 388 ft
|
|
Batting: RHB David Redman
|
0-0: Foul Ball, location: 2F 0-1: Called Strike 0-2: Ball 1-2: Foul Ball, location: 2F 1-2: SINGLE (Groundball, 56D, EV 104.4 MPH)
|
|
Pitching: RHP Matthew Dodson
|
|
|
Batting: SHB Mark Paquin
|
0-0: Swinging Strike 0-1: Swinging Strike 0-2: Foul Ball, location: 2F 0-2: Strikes out looking
|
|
Batting: RHB Jeremy Palac
|
0-0: Called Strike 0-1: Called Strike 0-2: Foul Ball, location: 2F 0-2: Strikes out swinging, 2-3 out at first.
|
| Bottom of the 6th over - 3 runs, 4 hits, 0 errors, 1 left on base; Elizabethton 1 - Texas (APP) 21 |
| TOP OF THE 7TH |
|
Elizabethton Twins batting - Pitching for Texas (APP) Rangers : RHP Jaleel Martin
|
|
Now in RF: Matt Silva
|
|
|
Pinch Hitting: LHB Diego Gutierres
|
0-0: SINGLE (Groundball, 34S, EV 70.0 MPH) (infield hit)
|
|
Batting: SHB Nate Januchowski
|
0-0: Foul Ball, location: 2F 0-1: Fielders Choice at 2nd, 4-6 (Groundball, 34D, EV 88.1 MPH)
|
|
Batting: RHB Ryan Hawkins
|
0-0: Ball 1-0: Swinging Strike 1-1: Swinging Strike 1-2: Strikes out looking
|
|
Pitching: RHP Logan Dietz
|
|
|
Batting: RHB Andrew Nicol
|
0-0: Ball 1-0: Swinging Strike 1-1: Fielders Choice at 2nd, 5-4 (Groundball, 5, EV 94.4 MPH)
|
| Top of the 7th over - 0 runs, 1 hit, 0 errors, 1 left on base; Elizabethton 1 - Texas (APP) 21 |
| BOTTOM OF THE 7TH |
|
Texas (APP) Rangers batting - Pitching for Elizabethton Twins : RHP Matthew Dodson
|
|
Now at 1B: Diego Gutierres
|
|
|
Batting: SHB Albert Ortiz
|
0-0: Called Strike 0-1: Ground out 4-3 (Groundball, 34, EV 91.3 MPH)
|
|
Batting: LHB Walter Vegter
|
0-0: Called Strike 0-1: Ball 1-1: Ball 2-1: Foul Ball, location: 2F 2-2: Ball 3-2: Foul Ball, location: 2F 3-2: DOUBLE (Line Drive, 9LD, EV 100.6 MPH)
|
|
Batting: RHB Jay De Angelis
|
0-0: Foul Ball, location: 2F 0-1: Called Strike 0-2: SINGLE (Groundball, 6D, EV 100.6 MPH) Walter Vegter to third
|
|
Batting: RHB Alex Lopez
|
0-0: Ball 1-0: Ball 2-0: Ball 3-0: Called Strike Balk! Walter Vegter scores Jay De Angelis to second 3-1: Foul Ball, location: 2F 3-2: Base on Balls
|
|
Batting: RHB Ryan Pastore
|
0-0: Foul Ball, location: 2F 0-1: Ball Wild Pitch! Jay De Angelis to third Alex Lopez to second 1-1: Ball 2-1: Ball 3-1: Base on Balls
|
|
Batting: RHB Matt Silva
|
0-0: Fly out, F8 (Flyball, 89D, EV 83.1 MPH) Runner from 3rd tags up, SCORES, throw by CF Alex Lopez to third
|
|
Batting: LHB Steven Frederick
|
0-0: Called Strike 0-1: Ball Wild Pitch! Alex Lopez scores Ryan Pastore to second 1-1: Ball 2-1: Ball 3-1: Base on Balls
|
|
Batting: SHB Mark Paquin
|
0-0: Ball 1-0: Ball 2-0: Ball 3-0: Called Strike 3-1: Foul Ball, location: 2F 3-2: Base on Balls Ryan Pastore to third Steven Frederick to second
|
|
Pitching: RHP John Giffin
|
|
|
Batting: RHB Jeremy Palac
|
0-0: Ball Wild Pitch! Ryan Pastore scores Steven Frederick to third Mark Paquin to second 1-0: Foul Ball, location: 2F 1-1: Fly out, F9 (Flyball, 89M, EV 90.6 MPH)
|
| Bottom of the 7th over - 4 runs, 2 hits, 0 errors, 2 left on base; Elizabethton 1 - Texas (APP) 25 |
| TOP OF THE 8TH |
|
Elizabethton Twins batting - Pitching for Texas (APP) Rangers : RHP Logan Dietz
|
|
Pinch Hitting: RHB Aaron Dusch
|
0-0: Ground out 6-3 (Groundball, 6M, EV 97.5 MPH)
|
|
Batting: RHB Nick Phipps
|
0-0: Ball 1-0: Swinging Strike 1-1: Ball 2-1: Swinging Strike 2-2: Ball 3-2: Foul Ball, location: 2F 3-2: Strikes out looking
|
|
Batting: SHB Chris Hull
|
0-0: Called Strike 0-1: Fly out, F4 (Popup, 34S, EV 77.5 MPH)
|
| Top of the 8th over - 0 runs, 0 hits, 0 errors, 0 left on base; Elizabethton 1 - Texas (APP) 25 |
| BOTTOM OF THE 8TH |
|
Texas (APP) Rangers batting - Pitching for Elizabethton Twins : RHP John Giffin
|
|
Now in RF: Aaron Dusch
|
|
|
Batting: SHB Albert Ortiz
|
0-0: Called Strike 0-1: Ball 1-1: Fly out, F6 (Line Drive, 6, EV 65.0 MPH)
|
|
Batting: LHB Walter Vegter
|
0-0: Called Strike 0-1: Called Strike 0-2: Fly out, F5 (Line Drive, 5, EV 66.9 MPH)
|
|
Batting: RHB Jay De Angelis
|
0-0: Ball 1-0: Called Strike 1-1: Ball 2-1: SINGLE (Groundball, 56D, EV 101.9 MPH)
|
|
Batting: RHB Alex Lopez
|
0-0: Ball Wild Pitch! Jay De Angelis to second 1-0: Ball 2-0: Called Strike 2-1: SINGLE (Line Drive, 3D, EV 94.4 MPH) Jay De Angelis to third Runner from 3rd tries for Home, SAFE, throw by RF to home Alex Lopez to second
|
|
Batting: RHB Ryan Pastore
|
0-0: SINGLE (Groundball, 34D, EV 95.6 MPH) Alex Lopez to third Runner from 3rd tries for Home, SAFE, throw by RF to home
|
|
Batting: RHB Matt Silva
|
0-0: Fielders Choice at 2nd, 6-4 (Groundball, 6, EV 106.9 MPH)
|
| Bottom of the 8th over - 2 runs, 3 hits, 0 errors, 1 left on base; Elizabethton 1 - Texas (APP) 27 |
| TOP OF THE 9TH |
|
Elizabethton Twins batting - Pitching for Texas (APP) Rangers : RHP Logan Dietz
|
|
Batting: RHB Jose Gracia
|
0-0: Called Strike 0-1: Ball 1-1: Foul Ball, location: 2F 1-2: Strikes out swinging
|
|
Pinch Hitting: RHB Marcel Koens
|
0-0: Ball 1-0: Foul Ball, location: 2F 1-1: Called Strike 1-2: Ground out 6-3 (Groundball, 6, EV 100.0 MPH)
|
|
Batting: LHB Diego Gutierres
|
0-0: Called Strike 0-1: Fly out, F7 (Flyball, 7, EV 89.4 MPH)
|
| Top of the 9th over - 0 runs, 0 hits, 0 errors, 0 left on base; Elizabethton 1 - Texas (APP) 27 |
|